 Dungeon Crawl Stone Soup version 0.26-a0-664-gc8b27b8fc1 (webtiles) character file.

Game seed: 1303696838442561308

52 PentaManta the Sneak (level 3, -1/18 HPs)
             Began as a Spriggan Brigand on Oct 12, 2020.
             Was an Initiate of Trog.
             Slain by Terence
             ... wielding a +0 morningstar
              (5 damage)
             ... on level 2 of the Dungeon.
             The game lasted 00:02:32 (1367 turns).

PentaManta the Sneak (Spriggan Brigand)             Turns: 1367, Time: 00:02:32

Health: -1/18      AC:  3    Str:  7    XL:     3   Next: 60%
Magic:  4/4        EV: 18    Int: 12    God:    Trog [......]
Gold:   78         SH:  0    Dex: 18    Spells: 2/2 levels left

rFire    . . .     SeeInvis +   a - +2 dagger
rCold    . . .     Faith    .   (shield restricted)
rNeg     . . .     Spirit   .   b - +0 robe
rPois    .         Reflect  .   (helmet restricted)
rElec    .         Harm     .   c - +0 cloak
rCorr    .         Rampage  .   (gloves unavailable)
MR       .....                  (boots unavailable)
Stlth    ++++......             (no amulet)
HPRegen  0.06/turn              (no ring)
MPRegen  0.09/turn              (no ring)

@: very quick
A: very small, unfitting armour, see invisible, speed 3
a: Renounce Religion


You were on level 2 of the Dungeon.
You worshipped Trog.
Trog was noncommittal.
You visited 1 branch of the dungeon, and saw 2 of its levels.

You collected 78 gold pieces.

Inventory:

Hand Weapons
 a - a +2 dagger (weapon)
 l - a +0 short sword
Missiles
 d - 8 poisoned darts (quivered)
 e - 2 curare-tipped darts
 g - 6 atropa-tipped darts
 h - 3 datura-tipped darts
 m - 98 stones
 o - 23 sling bullets
Armour
 b - a +0 robe (worn)
 c - a +0 cloak (worn)
Scrolls
 f - 2 scrolls of teleportation {unknown}
 i - a scroll of fear {unknown}
 j - a scroll of fog {unknown}
 k - a scroll of random uselessness {unknown}
 n - 2 scrolls of identify {unknown}


   Skills:
 - Level 1.5 Fighting
 * Level 3.5 Short Blades
 - Level 2.0 Throwing
 + Level 2.8 Dodging
 + Level 6.4 Stealth


You had 2 spell levels left.
You didn't know any spells.
Your spell library was empty.

Dungeon Overview and Level Annotations

Branches:
Dungeon (2/15)

Altars:
Trog
Xom

Annotations:
D:2 Terence


Innate Abilities, Weirdness & Mutations

You are very small and have problems with some larger weapons.
You are too small for most types of armour.
You have supernaturally acute eyesight. (SInv)
You cover ground extremely quickly.


Message History

Terence is lightly wounded.
The giant cockroach bites you but does no damage.
Terence completely misses you. The ooze barely misses you.
You closely miss Terence.
Terence is lightly wounded.
The giant cockroach completely misses you.
You hit Terence but do no damage.
Terence is lightly wounded.
Terence closely misses you. The giant cockroach closely misses you.
The ooze hits you but does no damage.
You barely miss Terence.
Terence is lightly wounded.
The giant cockroach completely misses you.
The ooze completely misses you. Terence hits you with a +0 morningstar.
* * * LOW HITPOINT WARNING * * *
You hit Terence.
Terence is lightly wounded.
The giant cockroach completely misses you.
The ooze closely misses you. Terence hits you with a +0 morningstar.
You die...

.......####.....#
#....#.......#
+.....$_.##..#
#..r##...##..##### ##..
##.###......# ####
##.###...........# #...
........!S...#...# #...
........@BJ..#...###
#...
....+...#.@##.......#
#... ....
#####.†##..####.####...
.
+......................
#########..####.###....
#..# #.# #...# #..#
#.###...# ##........
##.....###. #...#......


You could see Terence, an ooze, an adder and a giant cockroach.

Vanquished Creatures
  2 adders (D:2)
  2 dart slugs (D:1)
  A leopard gecko (D:2)
  3 giant cockroaches
  5 goblins
  3 hobgoblins
  4 bats
  A frilled lizard (D:1)
  4 kobolds
  5 rats (D:1)
30 creatures vanquished.

Notes
Turn   | Place    | Note
-------+----------+-------------------------------------------
     0 | D:1      | PentaManta the Spriggan Brigand began the quest for the
                  | Orb.
     0 | D:1      | Reached XP level 1. HP: 10/10 MP: 2/2
    74 | D:1      | Reached skill level 6 in Stealth
    81 | D:1      | Reached XP level 2. HP: 7/14 MP: 3/3
  1133 | D:2      | Reached XP level 3. HP: 16/18 MP: 4/4
  1256 | D:2      | Found a faded altar of an unknown god.
  1279 | D:2      | Became a worshipper of Xom of Chaos
  1329 | D:2      | Found a bloodstained altar of Trog.
  1336 | D:2      | Noticed Terence
  1341 | D:2      | Fell from the grace of Xom
  1341 | D:2      | Became a worshipper of Trog the Wrathful
  1367 | D:2      | Slain by Terence

Illustrated notes

Levels and vault maps discovered:
D:1:      minmay_arrival_nine_rooms, layout_basic
D:2:      layout_basic, chequers_ecumenical_altar_simple, serial_park_tiny_1,
          trog_three_pillars_becter, uniq_jessica, uniq_terence

Skill      XL: |  1  2 |
---------------+-------+-----
Stealth        | 6 |  6.4
Dodging        | 2 |  2.8
Short Blades   | 3 |  3.5
Fighting       | |  1.5
Throwing       | |  2.0

Action                   || total
-------------------------++-------
Melee: Dagger            ||   102
 Stab: Sleeping          ||     7
Armor: Robe              ||    17
Dodge: Dodged            ||    80

Table legend: (Time is in decaauts)
 A = Elapsed time spent in this place.
 B = Non-inter-level travel time spent in this place.
 C = Inter-level travel time spent in this place.
 D = Time resting spent in this place.
 E = Time spent auto-exploring this place.
 F = Levels seen in this place.
 G = Mean time per level.
                   A        B        C        D        E       F      G
               +--------+--------+--------+--------+--------+-----+--------+
         Total |   1040 |   1015 |     25 |    148 |    666 |   2 |  520.0 |
       Dungeon |   1040 |   1015 |     25 |    148 |    666 |   2 |  520.0 |
               +--------+--------+--------+--------+--------+-----+--------+

Top non-repeatable levels by time:
     D:1: 859 daAuts
     D:2: 180 daAuts
